 Dungeon Crawl Stone Soup version 0.25-a0-578-gc91f01c (webtiles) character file.

Game seed: 15423170541678682691, levelgen mode: deterministic

108351 Faels the Fencer (level 16, -6/123 HPs)
             Began as a Demonspawn Fighter on Mar 4, 2020.
             Was a High Priest of Okawaru.
             Hit by a boomerang thrown by a merfolk (10 damage)
             ... while paralysed
             ... on level 1 of the Shoals.
             The game lasted 01:42:56 (30620 turns).

Faels the Fencer (Demonspawn Fighter)              Turns: 30620, Time: 01:42:56

Health: -6/123     AC: 18    Str: 17    XL:     16   Next: 2%
Magic:  17/21      EV:  2    Int: 11    God:    Okawaru [*****.]
Gold:   2886       SH:  0    Dex: 18    Spells: 15/15 levels left

rFire    + . .     SeeInvis .   W - +4 double sword of Fee Simple {drain, rElec}
rCold    + . .     Gourm    .   U - +5 kite shield {reflect}
rNeg     + . .     Faith    .   j - +4 chain mail {rF+}
rPois    +         Spirit   .   k - +0 helmet
rElec    +         Reflect  +   A - scarf {cloud immunity}
rCorr    .         Harm     .   (gloves unavailable)
MR       +....     Clarity  +   H - +0 pair of boots {Stlth+}
Stlth    ..........             b - amulet "Saho Jiky" {rPois Regen+}
HPRegen  0.70/turn              S - ring of protection from cold
MPRegen  0.17/turn              c - ring of positive energy

@: paralysed, berserk cooldown, slowed, repel missiles
A: claws 3, talons 1, repulsion field 3, clarity, foul stench 1, spiny 1, wild
magic 1, rot immunity
a: Heroism, Finesse, Renounce Religion


You were on level 1 of the Shoals.
You worshipped Okawaru.
Okawaru was extremely pleased with you.
You were not hungry.

You visited 5 branches of the dungeon, and saw 23 of its levels.
You also visited: Bailey, Gauntlet and Ice Cave.

You collected 4634 gold pieces.
You spent 1748 gold pieces at shops.

Inventory:

Hand Weapons
 z - a +3 scimitar of flaming
 K - the +9 spear of Alijoox {protect, rElec Str-5 Dex+4}
   (You bought it in a shop on level 8 of the Dungeon)

   It grants its wielder temporary protection when it strikes (+7 to AC).
   It affects your strength (-5).
   It affects your dexterity (+4).
   It insulates you from electricity.
 W - the +4 double sword of Fee Simple (weapon) {drain, rElec}
   (Okawaru gifted it to you on level 9 of the Dungeon)

   A truly terrible weapon, it drains the life of those it strikes.
   It insulates you from electricity.
Missiles
 n - 65 poisoned darts (quivered)
 B - 2 throwing nets
 P - 8 silver javelins
 T - 24 javelins
Armour
 h - a cursed +0 scale mail
 j - a +4 chain mail of fire resistance (worn)
 k - a +0 helmet (worn)
 A - a scarf of cloud immunity (worn)
 H - a +0 pair of boots of stealth (worn)
 U - a +5 kite shield of reflection (worn)
Jewellery
 b - the amulet "Saho Jiky" (around neck) {rPois Regen+}
   (You found it in a Gauntlet)

   [amulet of regeneration]

   It protects you from poison.
   It increases your rate of regeneration.
 c - a ring of positive energy (right claw)
 m - an uncursed ring of see invisible
 r - an uncursed ring of protection from magic
 C - an uncursed ring of ice
 S - a ring of protection from cold (left claw)
Wands
 a - a wand of acid (4)
 o - a wand of flame (34)
 y - a wand of enslavement (21)
 G - a wand of iceblast (7)
 X - a wand of paralysis (8)
Scrolls
 e - 8 scrolls of teleportation
 t - 9 scrolls of remove curse
 I - 4 scrolls of fear
 Z - 4 scrolls of fog
Potions
 g - a potion of might
 i - a potion of resistance
 l - 2 potions of flight
 p - 4 potions of lignification
 q - 2 potions of stabbing
 s - 6 potions of haste
 v - 15 potions of curing
 w - 3 potions of brilliance
 L - 5 potions of ambrosia
 M - 3 potions of cancellation
 N - 2 potions of berserk rage
 V - a potion of heal wounds
Miscellaneous
 d - a phantom mirror
 u - a box of beasts
 J - a fan of gales
 Q - a sack of spiders
Comestibles
 f - 26 rations


   Skills:
 + Level 10.4 Fighting
 - Level 16.2 Long Blades
 - Level 6.0 Throwing
 + Level 9.5 Armour
 + Level 9.2 Dodging
 + Level 9.6 Shields
 - Level 6.7 Invocations
 + Level 5.1 Evocations


You had 15 spell levels left.
You didn't know any spells.
Your spell library contained the following spells:

 Spells                   Type           Power        Failure   Level  Hunger
 Animate Skeleton         Necr           N/A          100%        1    ##.....
 Apportation              Tloc           #.....       100%        1    ##.....
 Beastly Appendage        Tmut           #.....       100%        1    ##.....
 Corona                   Hex            #......      100%        1    ##.....
 Magic Dart               Conj           #...         100%        1    ##.....
 Summon Butterflies       Summ           #.......     100%        1    ##.....
 Summon Small Mammal      Summ           #...         100%        1    ##.....
 Blink                    Tloc           N/A          100%        2    ###....
 Call Imp                 Summ           #.......     100%        2    ###....
 Corpse Rot               Necr/Air       N/A          100%        2    ###....
 Slow                     Hex            #.......     100%        2    ###....
 Sticks to Snakes         Tmut           #.......     100%        2    ###....
 Call Canine Familiar     Summ           #.......     100%        3    ####...
 Conjure Flame            Conj/Fire      #.......     100%        3    ####...
 Inner Flame              Hex/Fire       #.......     100%        3    ####...
 Mephitic Cloud           Conj/Pois/Air  #.......     100%        3    ####...
 Portal Projectile        Hex/Tloc       #.....       100%        3    ####...
 Recall                   Summ/Tloc      N/A          100%        3    ####...
 Spider Form              Tmut/Pois      #.........   100%        3    ####...
 Stone Arrow              Conj/Erth      #.....       100%        3    ####...
 Summon Guardian Golem    Hex/Summ       #.......     100%        3    ####...
 Cause Fear               Hex            #.........   100%        4    #####..
 Ice Form                 Ice/Tmut       #.......     100%        4    #####..
 Leda's Liquefaction      Hex/Erth       #.........   100%        4    #####..
 Summon Ice Beast         Ice/Summ       #.......     100%        4    #####..
 Summon Lightning Spire   Summ/Air       #.......     100%        4    #####..
 Aura of Abjuration       Summ           #.........   100%        5    ######.
 Blade Hands              Tmut           #.........   100%        5    ######.
 Summon Demon             Summ           #.........   100%        5    ######.
 Summon Forest            Summ/Tloc      #.........   100%        5    ######.
 Summon Mana Viper        Hex/Summ       #.......     100%        5    ######.
 Eringya's Noxious Bog    Tmut/Pois      #.........   100%        6    #######
 Hydra Form               Tmut           #.........   100%        6    #######
 Shadow Creatures         Summ           N/A          100%        6    #######
 Summon Hydra             Summ           #.........   100%        7    #######


Dungeon Overview and Level Annotations

Branches:
Dungeon (14/15)            Temple (1/1) D:5            Lair (5/6) D:11
 Shoals (1/4) Lair:4       Spider (0/4) Lair:4        Slime (0/5) Lair:5
    Orc (2/2) D:10            Elf (0/3) Orc:2        Vaults (0/5) D:13
 Bailey (visited)           IceCv (visited)         Gauntlet (visited)

Altars:
Ashenzari
Cheibriados
Dithmenos
Elyvilon
Fedhas
Gozag
Hepliaklqana
Kikubaaqudgha
Makhleb
Nemelex Xobeh
Okawaru
Qazlal
Ru
Sif Muna
Trog
Uskayaw
Vehumet
Wu Jian
Xom
Yredelemnul
Zin
The Shining One
Beogh
Jiyva

Shops:
D:8 *   D:12 :   Orc:2 ([*

Annotations:
Lair:1 exclusion: 3 oklob plants
Shoals:1 1 runed translucent door, pericles's ghost, journeyman GrEE


Innate Abilities, Weirdness & Mutations

You have claws for hands.
You are surrounded by a strong repulsion field. (EV +4, RMsl)
You may emit foul miasma when damaged in melee.
You are partially covered in sharp spines.
You are immune to rotting.
You have sharp toenails.
You possess an exceptional clarity of mind.
Your spells are a little harder to cast, but a little more powerful.


Message History

The merfolk throws a boomerang.
The boomerang hits you but does no damage.
The weapon returns to the merfolk!
You closely miss the water nymph.
The water nymph is almost dead.
The water nymph points at you and mumbles some strange words.
The water swirls and strikes you!!
* * * LOW HITPOINT WARNING * * *
You slash the water nymph!
You kill the water nymph!
Okawaru accepts your kill.
The merfolk throws a boomerang.
You reflect the boomerang off your +5 kite shield of reflection!
The boomerang hits the merfolk!
The weapon returns to the merfolk!
You feel a strong urge to attack something.
You are no longer berserk.
You pass out from exhaustion.
You feel yourself slow down.
The merfolk throws a boomerang.
The boomerang hits you!
You die...

≈≈...###.............
≈≈≈. ##....≈...##..
≈≈≈..##.......###
≈≈≈P(...≈≈≈≈.##
≈≈≈P.....≈≈≈.#
≈P≈≈.P#.≈≈≈≈.#
≈PP≈..#.≈≈≈≈†##
≈PP≈....≈≈≈≈..#
≈≈≈≈≈PP≈≈≈≈≈.@#
≈≈≈≈PPP≈≈≈≈≈..# )
≈≈≈≈≈P≈P≈≈P≈..## ...
≈≈≈≈≈≈≈≈≈≈...###..≈.≈
≈≈≈≈≈≈≈≈≈.)!......≈
≈≈≈≈≈≈..≈≈m.>...≈≈
≈≈≈≈≈≈≈≈≈≈≈.m..≈≈≈
≈≈≈≈≈≈≈≈≈≈≈≈...≈≈≈
≈≈≈≈≈≈≈≈≈≈≈≈≈≈≈≈≈


You could see a merfolk.

Vanquished Creatures
  Rupert (D:13)
  Agnes (D:14)
  Kirke (D:13)
  Donald (Orc:2)
  A frost giant (IceCv)
  2 orc warlords
  A minotaur (Gauntlet)
  Snorg (Lair:3)
  2 ettins
  Erolcha (D:9)
  8 vault guards
  5 hydras
  A death knight (D:12)
  A catoblepas (D:14)
  3 two-headed ogres
  3 centaur warriors
  3 orc high priests (Orc:2)
  2 death yaks (IceCv)
  3 tengu warriors (D:14)
  Nergalle (Orc:1)
  The ghost of Pyafag the Thaumaturge, a novice DEIE of Vehumet (D:12)
  Pikel (D:9)
  A sea snake (Shoals:1)
  5 orc sorcerers
  4 orc knights
  4 cyclopes
  7 ugly things
  11 elephants
  A water nymph (Shoals:1)
  An ice statue (IceCv)
  A torpor snail (Gauntlet)
  4 centaur zombies
  2 gargoyles
  4 spiny frogs
  2 kobold demonologists (D:11)
  An efreet (Gauntlet)
  5 komodo dragons
  5 trolls
  18 polar bears
  A hornet (D:12)
  Grinder (D:5)
  4 blink frogs (Lair:2)
  A meliai zombie (D:14)
  9 slime creatures
  13 hippogriffs
  47 yaks
  3 spriggans
  2 centaur simulacra (Gauntlet)
  A vampire (D:13)
  A hog (D:13)
  3 basilisks
  2 wyverns
  2 wraiths (D:11)
  A steam dragon (D:8)
  A fire elemental (Gauntlet)
  6 wargs (Orc:2)
  An acid dragon (D:11)
  A soldier ant (D:11)
  Duvessa (D:7)
  9 water moccasins
  3 hell hounds (Gauntlet)
  8 porcupines
  25 orc warriors
  3 phantoms
  A necrophage (D:10)
  A slave (D:9)
  3 black bears
  11 ice beasts
  3 sky beasts
  15 ogres
  6 centaurs
  19 wolves (IceCv)
  A crocodile (D:11)
  An elf zombie (D:11)
  7 big kobolds
  2 gnoll sergeants
  17 bullfrogs
  Blork the orc (D:5)
  An elf skeleton (D:11)
  A spiny frog simulacrum (Gauntlet)
  A wyvern skeleton (D:13)
  3 scorpions
  Dowan (D:7)
  10 killer bees
  7 wights
  5 howler monkeys
  2 bullfrog zombies
  6 crimson imps
  2 quasits
  7 hounds
  11 jellies
  Crazy Yiuf (D:2)
  3 human zombies (D:11)
  2 centaur skeletons
  A gnoll shaman (D:7)
  12 orc priests
  3 bullfrog skeletons
  12 orc wizards
  Terence (D:2)
  Natasha (thrice) (D:3)
  3 iguanas
  10 worker ants
  2 bullfrog simulacra (Gauntlet)
  An ogre skeleton (D:11)
  A hound zombie (D:8)
  2 hound skeletons
  4 mummies
  2 worker ant zombies
  15 gnolls
  3 howler monkey skeletons
  16 adders
  5 shadow imps
  11 oozes
  2 adder zombies
  A worm (D:3)
  A dart slug (D:3)
  7 leopard geckos
  49 orcs
  4 ball pythons
  7 bats
  5 giant cockroaches
  14 goblins
  13 hobgoblins
  9 jackals
  4 quokkas
  3 frilled lizards
  A hobgoblin zombie (D:4)
  43 kobolds
  A kobold zombie (D:4)
  A leopard gecko skeleton (D:7)
  A leopard gecko zombie (D:6)
  3 orc zombies
  A quokka skeleton (D:7)
  4 rats
  A fungus (D:2)
702 creatures vanquished.

Vanquished Creatures (others)
  A cyclops (D:13)
  5 humans (D:14)
  An orc warrior (D:14)
  A sky beast (D:14)
  A slave (D:9)
  An eye of draining (D:14)
  A wight (D:14)
  A hound (D:9)
  An orc wizard (D:14)
  2 orcs (D:14)
  A giant cockroach (D:8)
  A kobold (D:11)
  19 fungi
  6 plants
  4 toadstools (D:11)
46 creatures vanquished.

Grand Total: 748 creatures vanquished

Notes
Turn   | Place    | Note
-------+----------+-------------------------------------------
     0 | D:1      | Faels the Demonspawn Fighter began the quest for the Orb.
     0 | D:1      | Reached XP level 1. HP: 18/18 MP: 1/1
    23 | D:1      | Reached skill level 2 in Long Blades
   179 | D:1      | You fall into a shaft and drop 1 floor!
   209 | D:1      | Gained mutation: You are immune to rotting. [demonic
                  | ancestry]
   209 | D:1      | Reached XP level 2. HP: 24/24 MP: 2/2
   901 | D:1      | Reached skill level 1 in Dodging
  1460 | D:2      | Gained mutation: You have sharp fingernails. [demonic
                  | ancestry]
  1460 | D:2      | Reached XP level 3. HP: 24/29 MP: 3/3
  1463 | D:2      | Reached skill level 3 in Long Blades
  1904 | D:2      | Noticed Terence
  1918 | D:2      | HP: 1/29 [Terence/+0 flail (7)]
  1921 | D:2      | Killed Terence
  1921 | D:2      | Gained mutation: You are partially covered in sharp spines.
                  | [demonic ancestry]
  1921 | D:2      | Reached XP level 4. HP: 2/35 MP: 4/4
  2244 | D:2      | Reached skill level 4 in Long Blades
  2437 | D:2      | Gained mutation: You are surrounded by a mild repulsion
                  | field. (EV +2) [demonic ancestry]
  2437 | D:2      | Reached XP level 5. HP: 33/41 MP: 5/5
  2716 | D:2      | Reached skill level 5 in Long Blades
  2916 | D:2      | Found a glowing golden altar of the Shining One.
  3055 | D:2      | Found a runed translucent door.
  3056 | D:2      | Noticed Crazy Yiuf
  3064 | D:2      | Killed Crazy Yiuf
  3412 | D:3      | Noticed Natasha
  3427 | D:3      | Killed Natasha
  3573 | D:3      | Gained mutation: You have very sharp fingernails. [demonic
                  | ancestry]
  3573 | D:3      | Reached XP level 6. HP: 43/47 MP: 6/6
  3900 | D:3      | Found an ornate altar of the Wu Jian Council.
  3900 | D:3      | Found a hide-covered altar of Uskayaw.
  3913 | D:3      | Noticed Natasha
  3919 | D:3      | Killed Natasha
  4020 | D:3      | Noticed Natasha
  4030 | D:3      | Killed Natasha
  4030 | D:3      | Reached skill level 6 in Long Blades
  4487 | D:4      | Reached skill level 1 in Throwing
  4598 | D:4      | Reached XP level 7. HP: 41/52 MP: 7/7
  5186 | D:4      | Reached skill level 7 in Long Blades
  5356 | D:4      | Gained mutation: You have sharp toenails. [potion of
                  | mutation]
  5356 | D:4      | Gained mutation: Your spells are a little harder to cast,
                  | but a little more powerful. [potion of mutation]
  5356 | D:4      | Gained mutation: You possess an exceptional clarity of
                  | mind. [potion of mutation]
  5896 | D:5      | Entered Level 5 of the Dungeon
  5928 | D:4      | Reached skill level 8 in Long Blades
  6255 | D:5      | Found a staircase to the Ecumenical Temple.
  6260 | Temple   | Entered the Ecumenical Temple
  6361 | Temple   | Became a worshipper of Warmaster Okawaru
  6688 | D:5      | Noticed Grinder
  6694 | D:5      | Killed Grinder
  6694 | D:5      | Reached skill level 9 in Long Blades
  6694 | D:5      | Gained mutation: You may emit foul miasma when damaged in
                  | melee. [demonic ancestry]
  6694 | D:5      | Reached XP level 8. HP: 46/58 MP: 8/8
  6772 | D:5      | Reached * piety under Okawaru
  7274 | D:5      | Reached skill level 10 in Long Blades
  7554 | D:5      | Noticed Blork the orc
  7660 | D:5      | Killed Blork the orc
  7798 | D:6      | Found a shimmering altar of Xom.
  8063 | D:6      | Found a sparkling altar of Nemelex Xobeh.
  8066 | D:6      | Found a hazy altar of Hepliaklqana.
  9219 | D:7      | Gained mutation: You are surrounded by a moderate repulsion
                  | field. (EV +3) [demonic ancestry]
  9219 | D:7      | Reached XP level 9. HP: 58/63 MP: 9/9
  9495 | D:7      | Reached skill level 11 in Long Blades
  9525 | D:7      | Reached ** piety under Okawaru
  9811 | D:7      | Noticed Duvessa
  9811 | D:7      | Noticed Dowan
 10102 | D:7      | Killed Dowan
 10133 | D:7      | Killed Duvessa
 10658 | D:8      | Reached skill level 12 in Long Blades
 10856 | D:8      | Found a flagged portal.
 10887 | Bailey   | Entered a bailey
 10913 | Bailey   | Noticed an orc warlord
 11215 | Bailey   | Found a runed translucent gate.
 11221 | Bailey   | Found a runed translucent gate.
 11221 | Bailey   | Found a runed translucent gate.
 11235 | Bailey   | Reached *** piety under Okawaru
 11555 | Bailey   | Killed an orc warlord
 11555 | Bailey   | Reached **** piety under Okawaru
 11555 | Bailey   | Reached skill level 13 in Long Blades
 11555 | Bailey   | Reached XP level 10. HP: 40/70 MP: 10/10
 11733 | Bailey   | Identified a scroll of acquirement
 11851 | D:8      | Found a shattered altar of Ashenzari.
 11938 | D:8      | Found Mitt's General Store.
 11944 | D:8      | Noticed a two-headed ogre
 11949 | D:8      | Bought a wand of iceblast (7) for 132 gold pieces
 11949 | D:8      | Bought a scroll of fear for 42 gold pieces
 11949 | D:8      | Bought a fan of gales for 480 gold pieces
 12073 | D:8      | Killed a two-headed ogre
 12356 | D:8      | Reached skill level 14 in Long Blades
 12398 | D:8      | Noticed a seven-headed hydra
 12500 | D:8      | Bought the +9 spear of Alijoox {protect, rElec Str-5 Dex+4}
                  | for 726 gold pieces
 12571 | D:8      | Killed a seven-headed hydra
 12571 | D:8      | Reached ***** piety under Okawaru
 12571 | D:8      | Received a gift from Okawaru
 13185 | D:9      | Noticed Pikel
 13210 | D:9      | Killed Pikel
 13210 | D:9      | Reached XP level 11. HP: 57/77 MP: 13/13
 13494 | D:9      | Noticed Erolcha
 13500 | D:9      | Killed Erolcha
 13780 | D:10     | Entered Level 10 of the Dungeon
 13905 | D:10     | Found a staircase to the Orcish Mines.
 14195 | D:9      | Received a gift from Okawaru
 14196 | D:9      | Got a brightly glowing double sword {god gift}
 14305 | D:9      | Identified the +4 double sword of Fee Simple {drain, rElec}
                  | (Okawaru gifted it to you on level 9 of the Dungeon)
 15229 | D:11     | Noticed a purple ugly thing
 15248 | D:11     | Killed a purple ugly thing
 15485 | D:11     | Found an ancient bone altar of Kikubaaqudgha.
 15521 | D:11     | Found a staircase to the Lair.
 15541 | D:11     | Reached skill level 15 in Long Blades
 15631 | D:11     | Identified the +2 robe of the Harvest Moon {Dex+2}
 15646 | D:11     | Noticed a sun demon
 15817 | D:11     | Received a gift from Okawaru
 16209 | D:11     | You fall into a shaft and drop 3 floors!
 16209 | D:14     | Noticed a cyan ugly thing
 16209 | D:14     | Noticed a cyan ugly thing
 16209 | D:14     | Noticed a cyan ugly thing
 16212 | D:14     | Noticed an unseen horror
 16214 | D:14     | Noticed a catoblepas
 16214 | D:14     | Noticed a cyan ugly thing
 16214 | D:14     | Noticed a cyan ugly thing
 16216 | D:14     | Noticed Kirke
 16216 | D:14     | Noticed a centaur warrior
 16221 | D:13     | Noticed a centaur warrior
 16230 | D:13     | Reached XP level 12. HP: 62/85 MP: 1/15
 16236 | D:13     | Killed a centaur warrior
 16242 | D:13     | Reached ****** piety under Okawaru
 16616 | D:13     | Noticed a centaur warrior
 16618 | D:13     | Noticed a vault guard
 16672 | D:13     | Noticed Rupert
 16690 | D:13     | Killed Rupert
 16690 | D:13     | Received a gift from Okawaru
 16690 | D:13     | Reached skill level 16 in Long Blades
 16932 | D:12     | Found Weps's Book Shoppe.
 16941 | D:12     | Noticed a death knight
 16963 | D:12     | Killed a death knight
 16963 | D:12     | Reached skill level 5 in Fighting
 16976 | D:12     | Found a gate leading to a gauntlet.
 17005 | D:12     | Reached skill level 5 in Invocations
 17097 | Gauntlet | Entered a Gauntlet
 17097 | Gauntlet | Found a transporter.
 17097 | Gauntlet | Found a transporter.
 17108 | Gauntlet | Found a transporter.
 17111 | Gauntlet | Found a transporter.
 17128 | Gauntlet | Found a transporter.
 17136 | Gauntlet | Found a transporter.
 17140 | Gauntlet | Found a transporter.
 17148 | Gauntlet | Found a transporter.
 17164 | Gauntlet | Found a transporter.
 17178 | Gauntlet | Found a transporter.
 17182 | Gauntlet | Found a transporter.
 17190 | Gauntlet | Found a transporter.
 17378 | Gauntlet | Reached skill level 5 in Shields
 17493 | Gauntlet | Reached skill level 5 in Armour
 17655 | Gauntlet | Got a coiled iron amulet
 17668 | Gauntlet | Received a gift from Okawaru
 17841 | Gauntlet | Identified the amulet "Saho Jiky" {rPois Regen+} (You found
                  | it in a Gauntlet)
 17871 | Gauntlet | Noticed a minotaur
 17881 | Gauntlet | Killed a minotaur
 17899 | Gauntlet | Got a crystal quarterstaff
 17900 | Gauntlet | Identified the +7 quarterstaff "Piuddouph" {antimagic, rN+
                  | Int+5} (You found it in a Gauntlet)
 18591 | Lair:1   | Entered Level 1 of the Lair of Beasts
 18678 | Lair:1   | Gained mutation: You are surrounded by a strong repulsion
                  | field. (EV +4, RMsl) [demonic ancestry]
 18678 | Lair:1   | Reached XP level 13. HP: 93/93 MP: 18/18
 19043 | Lair:1   | Found a burning altar of Makhleb.
 19225 | Lair:1   | Reached skill level 5 in Dodging
 19225 | Lair:1   | Reached XP level 14. HP: 103/103 MP: 19/19
 20510 | Lair:3   | Noticed Snorg
 20526 | Lair:3   | Killed Snorg
 20526 | Lair:3   | Received a gift from Okawaru
 21470 | Lair:4   | Found a staircase to the Shoals.
 21646 | Lair:4   | Found a hole to the Spider Nest.
 22960 | Lair:5   | Received a gift from Okawaru
 23089 | Lair:5   | Found a viscous altar of Jiyva.
 23090 | Lair:5   | Found a staircase to the Slime Pits.
 23458 | Orc:1    | Entered Level 1 of the Orcish Mines
 23626 | Orc:1    | Found a roughly hewn altar of Beogh.
 23968 | Orc:2    | Entered Level 2 of the Orcish Mines
 24004 | Orc:2    | Noticed Donald
 24025 | Orc:2    | Killed Donald
 24025 | Orc:2    | Reached skill level 5 in Throwing
 24237 | Orc:2    | Found Wextisit's General Store.
 24242 | Orc:2    | Noticed an orc warlord
 24260 | Orc:2    | Killed an orc warlord
 24268 | Orc:2    | Found a staircase to the Elven Halls.
 24336 | Orc:2    | HP: 4/106 [orc priest/divine providence (9)]
 24595 | Orc:2    | Bought a potion of heal wounds for 70 gold pieces
 24595 | Orc:2    | Bought a scroll of remove curse for 42 gold pieces
 24638 | Orc:2    | Found a frozen archway.
 24674 | IceCv    | Entered an ice cave
 25041 | IceCv    | Reached XP level 15. HP: 112/113 MP: 20/20
 25280 | IceCv    | Received a gift from Okawaru
 25383 | IceCv    | Got a faintly glowing fustibalus {god gift}
 25393 | IceCv    | Identified the +1 fustibalus of Purpose {flame, +Blink +Inv
                  | Str+3} (Okawaru gifted it to you in an ice cave)
 25484 | IceCv    | Noticed a frost giant
 25522 | IceCv    | Killed a frost giant
 25522 | IceCv    | Reached skill level 1 in Evocations
 26366 | Orc:2    | Found Zoallile's Book Emporium.
 26704 | Orc:2    | Found Yzyux's Antique Armour Shop.
 26743 | Orc:2    | Found Gizumiosam's Antique Weapon Shop.
 26751 | Orc:2    | Bought a runed great sword for 256 gold pieces
 26807 | Orc:2    | Found a roughly hewn altar of Beogh.
 27097 | Orc:1    | Noticed Nergalle
 27108 | Orc:1    | Killed Nergalle
 27359 | Orc:1    | Paralysed by an orc sorcerer for 6 turns
 27549 | Orc:1    | Received a gift from Okawaru
 27984 | D:12     | Found a runed translucent door.
 27989 | D:12     | Identified the amulet "Buowuysk" {Spirit rF- Str+4}
 27990 | D:12     | Identified the +10 trident "Finiudar" {vorpal, *Corrode
                  | Str+4 Int+4 Stlth+}
 27992 | D:12     | Noticed Pyafag's ghost (novice DEIE)
 28113 | D:12     | Killed Pyafag's ghost
 28771 | D:13     | Found a gate to the Vaults.
 29523 | D:13     | Reached skill level 10 in Fighting
 29664 | D:13     | Killed Kirke
 29896 | D:14     | Noticed Agnes
 29908 | D:14     | Killed Agnes
 29908 | D:14     | Received a gift from Okawaru
 30244 | D:14     | Reached skill level 5 in Evocations
 30261 | D:14     | Gained mutation: You have claws for hands. [demonic
                  | ancestry]
 30261 | D:14     | Reached XP level 16. HP: 109/123 MP: 15/21
 30525 | Shoals:1 | Entered Level 1 of the Shoals
 30533 | Shoals:1 | Found a runed translucent door.
 30533 | Shoals:1 | Found a shimmering altar of Xom.
 30533 | Shoals:1 | Noticed pericles's ghost (journeyman GrEE)
 30614 | Shoals:1 | HP: 3/184 [water nymph/the raging water (21)]
 30620 | Shoals:1 | Hit by a boomerang thrown by a merfolk

Levels and vault maps discovered:
D:1:      denvon_arrival_waterhouse, layout_basic
D:2:      layout_loops_ring, tso_altar, uniq_terence, uniq_crazy_yiuf_cottage
D:3:      layout_basic, gammafunk_temple_overflow_elements, first_ration,
          minmay_misc_feat_pillars, uniq_natasha
D:4:      layout_layer_cave, minmay_mini_ossuary
D:5:      layout_loops_ring, minmay_temple_entry_tees, kennysheep_cross_room,
          uniq_blork_the_orc, uniq_grinder
D:6:      layout_loops_corners, grunt_temple_overflow_open, xom_teletrap_fun
D:7:      layout_rooms, uniq_duvessa
D:8:      layout_basic, enter_bailey_7, basic_altar, serial_shops,
          kennysheep_mini_moat, the_bakery
D:9:      layout_basic, kennysheep_generic_room_9, uniq_erolcha, uniq_pikel
D:10:     layout_roguey, orc_0_dummy
D:11:     layout_irregular_city, lair_entry_dummy, minmay_gold_behind_fungi,
          lemuel_mausoleum_altar_kikubaaqudgha
D:12:     layout_cross, gauntlet_entry_generic, ebering_ghost_funeral_grove,
          serial_shops, nicolae_shop_waterfront
D:13:     layout_loops_ring, erik_vaults_2, uniq_rupert
D:14:     layout_small_grid, minmay_misc_feat_alley, uniq_agnes, uniq_kirke
Temple:   eino_narrow_crystal_temple
Lair:1:   lemuel_slime, layout_cave_pods, basic_altar,
          minmay_lair_oklob_chamber, lemuel_fruit_fields
Lair:2:   layout_small_grid
Lair:3:   layout_cave_pods, serial_bayou_shore_b, uniq_snorg
Lair:4:   layout_regular_city, minmay_shoals_entry_centaurs, dummy_spider_entry
Lair:5:   layout_hall_layers, dpeg_slime_entry_enclosed_altar
Shoals:1: cheibrodos_shoals_three_sisters, layout_shoals, ebering_ghost_xom,
          nicolae_shoals_wave_tunnel
Orc:1:    layout_caves, basic_altar, uniq_nergalle
Orc:2:    grunt_orc_gardens, layout_caves, grunt_orc_garden, grunt_orc_garden,
          grunt_orc_garden, grunt_orc_garden, portal_ice_cave_entry_ice_beasts,
          basic_altar, uniq_donald

Skill      XL: |  1  2  3  4  5  6  7  8  9 10 11 12 13 14 15 |
---------------+----------------------------------------------+-----
Long Blades    | 2 3 4 5 6 9 10 13 14 15 16 | 16.2
Dodging        | 1 2 3 4 5 7 9 |  9.2
Throwing       | 1 3 5 6 |  6.0
Armour         | 3 4 5 6 8 9 |  9.5
Shields        | 3 4 5 6 8 9 |  9.6
Invocations    | 3 4 6 |  6.7
Fighting       | 4 6 7 9 10 | 10.4
Evocations     | 5 |  5.1

Action                   |  1- 3 |  4- 6 |  7- 9 | 10-12 | 13-15 | 16-18 || total
-------------------------+-------+-------+-------+-------+-------+-------++-------
Melee: Long sword        |   150 |   160 |   212 |       |       |       ||   522
       Kick              |       |       |   104 |   211 |   281 |       ||   596
       Scimitar          |       |       |   139 |   177 |    23 |       ||   339
       Spear             |       |       |       |     7 |       |       ||     7
       Double sword      |       |       |       |   440 |   979 |    21 ||  1440
Throw: Dart              |       |     4 |    28 |    17 |    37 |       ||    86
Invok: Heroism           |       |       |     3 |    11 |     9 |       ||    23
       Finesse           |       |       |       |     6 |     4 |     1 ||    11
Evoke: Wand              |       |       |     3 |     2 |       |       ||     5
  Use: Potion            |     2 |     1 |     2 |     4 |     5 |     1 ||    15
       Scroll            |       |     1 |    17 |    14 |    14 |     2 ||    48
 Stab: Confused          |       |       |     1 |     2 |       |       ||     3
  Eat: Chunk             |     3 |     9 |    18 |    17 |    30 |       ||    77
       Ration            |       |       |     2 |     1 |     2 |     1 ||     6
Armor: Scale mail        |    76 |    39 |   105 |     3 |       |       ||   223
       Plate armour      |       |       |       |   148 |       |       ||   148
       Troll leather arm |       |       |       |     1 |       |       ||     1
       Chain mail        |       |       |       |    26 |   212 |     6 ||   244
Dodge: Dodged            |    37 |    48 |   128 |   135 |   286 |     7 ||   641
       Deflected         |       |       |       |       |     9 |     1 ||    10
Block: Kite shield       |    82 |    70 |   226 |   292 |   521 |    12 ||  1203
       Reflection        |       |       |       |       |    12 |     5 ||    17
       Rpst.: Long sword |     7 |    12 |    16 |       |       |       ||    35
       Scimitar          |       |       |     4 |    11 |     1 |       ||    16
       Double sword      |       |       |       |    31 |    68 |     1 ||   100

Table legend:
 A = Non-vault XP
 B = Vault XP
 C = Vault XP percentage of total XP
 D = Non-vault monster count
 E = Vault monster count
 F = Vault count percentage of total count
                 A         B        C        D         E       F
            +---------+---------+-------+---------+---------+-------
      Total |   69024 |   58617 |  45.9 |     501 |     202 |  28.7
            +---------+---------+-------+---------+---------+-------
        D:1 |      39 |       0 |   0.0 |      23 |       0 |   0.0
        D:2 |     203 |      80 |  28.3 |      30 |       2 |   6.2
        D:3 |     139 |      35 |  20.1 |      24 |       1 |   4.0
        D:4 |     585 |      22 |   3.6 |      12 |       5 |  29.4
        D:5 |     961 |     359 |  27.2 |      29 |       2 |   6.5
        D:6 |     243 |       0 |   0.0 |      10 |       0 |   0.0
        D:7 |    1066 |     219 |  17.0 |      24 |       2 |   7.7
        D:8 |    3590 |     249 |   6.5 |      33 |       5 |  13.2
        D:9 |    2052 |    1727 |  45.7 |      28 |       2 |   6.7
       D:10 |    3347 |       0 |   0.0 |      41 |       0 |   0.0
       D:11 |    6149 |     801 |  11.5 |      57 |      12 |  17.4
       D:12 |    3601 |    4007 |  52.7 |      17 |       6 |  26.1
       D:13 |    9393 |   11248 |  54.5 |      41 |       9 |  18.0
       D:14 |   11183 |    2290 |  17.0 |      23 |       1 |   4.2
     Lair:1 |    1902 |    1086 |  36.3 |       9 |      20 |  69.0
     Lair:2 |    4716 |       0 |   0.0 |      20 |       0 |   0.0
     Lair:3 |    2495 |    1173 |  32.0 |      11 |       1 |   8.3
     Lair:4 |    5952 |     324 |   5.2 |      17 |       3 |  15.0
     Lair:5 |    2771 |       0 |   0.0 |      12 |       0 |   0.0
   Shoals:1 |    1368 |       0 |   0.0 |       3 |       0 |   0.0
      Orc:1 |    3584 |     820 |  18.6 |      18 |       1 |   5.3
      Orc:2 |    3685 |   12251 |  76.9 |      19 |      36 |  65.5
     Bailey |       0 |    1942 | 100.0 |       0 |      21 | 100.0
      IceCv |       0 |   14395 | 100.0 |       0 |      56 | 100.0
   Gauntlet |       0 |    5589 | 100.0 |       0 |      17 | 100.0
            +---------+---------+-------+---------+---------+-------
